 Dungeon Sprint DCSS version 0.17-a0-1778-gd369669 (webtiles) character file.

25896 KambridgeKobold the Brawler (level 12, -3/202 HPs)
             Began as a Troll Monk on Sept 8, 2015.
             Was the Champion of Ru.
             Slain by the 27-headed Lernaean hydra (8 damage)
             ... in the Dungeon (Sprint I: "Red Sonja").
             The game lasted 00:38:35 (4581 turns).

KambridgeKobold the Brawler (Troll Monk)            Turns: 4581, Time: 00:38:37

Health: -3/202     AC: 26    Str: 24    XL:     12   Next: 93%
Magic:  14/14      EV:  1    Int:  6    God:    Ru [******]
Gold:   1694       SH:  0    Dex:  8    Spells: 0 memorised, 11 levels left

rFire  + . .     SeeInvis .       - Unarmed
rCold  . . .     Clarity  .     (armour currently unavailable)
rNeg   + + +     SustAt   .     (shield unavailable)
rPois  +         Gourm    +     (helmet currently unavailable)
rElec  .         Spirit   .     (cloak currently unavailable)
rCorr  .         Warding  .     (gloves unavailable)
rMut   .         NoTele   +     (boots unavailable)
MR     .....                    c - amulet of rage
Stlth  ++........               u - ring of protection from fire
                                (ring unavailable)

@: tree-form, not resistant to hostile enchantments, unstealthy
A: unfitting armour, (claws 0), clumsy 2, (fire resistance 0), fast metabolism
3, frail 1, gourmand, low mp 1, (poison resistance), regeneration 2, (shaggy fur
0), spit poison 1, (tough skin 0), weak 1, no device heal 1, missing a hand,
hated by all, inexperienced 1
a: Spit Poison, Draw Out Power, Power Leap, Apocalypse, Renounce Religion, Evoke
Berserk Rage


You were in the Dungeon.
You worshipped Ru.
Ru was exalted by your worship.
You were not hungry.
You were a tree.
You visited 1 branch You collected 4106 gold pieces.
You spent 2412 gold pieces at shops.

Inventory:

Hand weapons
 r - the +0 long sword of Neurosis {flame, rPois}
   (You found it in the Dungeon)

   It has been specially enchanted to burn those struck by it, causing extra
   injury to most foes and up to half again as much damage against particularly
   susceptible opponents.
   Big, fiery blades are also staple armaments of hydra-hunters.
   It protects you from poison.
Armour
 a - a +0 robe
 m - a +1 cloak (melded)
 A - the +1 ice dragon armour of the Worm (melded) {rF- rC++ Str+7 Dex+2}
   (You bought it in a shop in the Dungeon)

   It affects your strength (+7).
   It affects your dexterity (+2).
   It makes you vulnerable to fire.
   It greatly protects you from cold.
Jewellery
 c - an amulet of rage (around neck)
 d - an uncursed ring of invisibility
 p - a +3 ring of dexterity
 t - an uncursed ring of protection from cold
 u - a ring of protection from fire (right branch)
 y - an uncursed ring of fire
Magical devices
 l - a wand of cold (0)
Scrolls
 e - a scroll of torment
 h - 2 scrolls of blinking
 s - a scroll of identify
Potions
 f - 2 potions of magic
 g - a potion of degeneration
 i - a potion of cancellation
 n - 3 potions of curing
Miscellaneous
 o - a phantom mirror
 v - an ornate deck of defence {the Cloud}
 w - a plain deck of defence {drawn: 1}
Comestibles
 b - 2 bread rations


   Skills:
 + Level 18.0 Fighting
 - Level 10.8 Dodging
 - Level 1.1 Stealth
 + Level 20.8 Unarmed Combat
 - Level 7.6 Evocations


You had 11 spell levels left.
You didn't know any spells.

Dungeon Overview and Level Annotations

Branches:
Dungeon (1/1)

Altars:
Cheibriados
Dithmenos
Elyvilon
Fedhas
Gozag
Kikubaaqudgha
Makhleb
Nemelex Xobeh
Okawaru
Qazlal
Ru
Sif Muna
Trog
Vehumet
Xom
Yredelemnul
Zin
The Shining One
Jiyva

Shops:
D !!!=:}((:!*}===!:?([?:

Annotations:
D Lernaean hydra, Norris


Innate Abilities, Weirdness & Mutations

You are too large for most types of armour.
((You have claws for hands.))
You are very clumsy. (Dex -4)
Your metabolism is lightning-fast.
You are frail (-10% HP).
You like to eat raw meat.
You heal very quickly.
((You are covered in fur (AC +1).))
((You have very tough skin (AC +2).))
You are missing a hand.
You are hated by all.
You are somewhat inexperienced (-2 XL).
((Your flesh is heat resistant.))
Your magical capacity is low (-10% MP).
((Your system is resistant to poisons.))
You can spit weak poison.
You are weak. (Str -2)
Potions and wands are less effective at restoring your health.


Message History

Okay, then.
Drink which item? (? for menu, Esc to quit)
You turn into a tree.
Your +1 cloak melds into your body.
The +1 ice dragon armour of the Worm {rF- rC++ Str+7 Dex+2} melds into your body.
Your roots penetrate the ground.
The 27-headed Lernaean hydra is engulfed in freezing vapours.
The 27-headed Lernaean hydra seems to slow down.
The 27-headed Lernaean hydra bites you!
* * * LOW HITPOINT WARNING * * *
The 27-headed Lernaean hydra bites you but does no damage. x2
The 27-headed Lernaean hydra bites you.
* * * LOW HITPOINT WARNING * * *
The 27-headed Lernaean hydra bites you.
* * * LOW HITPOINT WARNING * * *
The 27-headed Lernaean hydra bites you but does no damage.
The 27-headed Lernaean hydra bites you!
* * * LOW HITPOINT WARNING * * *
The 27-headed Lernaean hydra bites you but does no damage. x3
The 27-headed Lernaean hydra bites you!
You die...

§+§....##§#A#.#..≈):#§####'#,,,,*
^#^....#..###.#..≈.##'#§§§.##,,,*
§###++##.##...#..≈##§..§§§..##,,*
###.§###..#+###..≈#.§..§§....#,,*
####§§###...#.≈..##.§§§^^....##,*
#..#(.#.###.#.≈..#...§..).§...#,*
#.........#.###..#..§§§).§.§..#,*
#.........#.#,+..##..§.§.§.§.##,*
+......####'#,##♣##.......§..#,,*
##...###))).#,#≈D≈##........##,,*
.#####...####,#≈§≈≈##..(...##,,,*
.......###,,,,#≈§≈≈≈########,,,,*
...#####,,,,**##§≈≈≈#≈≈≈≈≈*,,,,,*
..##,,,,,,,,*,,#'≈≈≈'≈≈.≈≈+,,,,,*
.##,,,,,,,,,*,,.##≈≈#≈≈≈≈≈*≈≈≈,,*
.#,,,,,,,,,,*,,$,*#####'*****≈≈≈*
##****,,,,,,*,$$,*≈≈≈≈≈≈≈≈≈≈**≈≈*


You could see the 27-headed Lernaean hydra.

Vanquished Creatures
  A golden dragon (D)
  A shadow dragon (D)
  3 fire giants (D)
  A lorocyproca (D)
  A deep elf annihilator (D)
  A mummy priest (D)
  A hydra (D)
  A centaur warrior (D)
  7 unseen horrors (D)
  A deep troll (D)
  A lindwurm (D)
  8 shining eyes (D)
  2 oklob plants (D)
  A gargoyle (D)
  4 demonic crawlers (D)
  2 kobold demonologists (D)
  A hellwing (D)
  A slime creature (D)
  Sigmund (D)
  4 trapdoor spiders (D)
  A yak (D)
  13 hogs (D)
  5 wasps (D)
  7 necrophages (D)
  An ogre (D)
  8 jellies (D)
  Ijyb (D)
  7 giant eyeballs (D)
  A ballistomycete (D)
87 creatures vanquished.

Vanquished Creatures (others)
  A fire giant (D)
  A centaur warrior (D)
  Sonja (D)
  2 sirens (D)
  A gargoyle (D)
  2 giant spores (D)
8 creatures vanquished.

Grand Total: 95 creatures vanquished

Notes
Turn   | Place    | Note
--------------------------------------------------------------
     0 | D        | KambridgeKobold the Troll Monk began the quest for the Orb.
     0 | D        | Reached XP level 1. HP: 22/22 MP: 0/0
     1 | D        | Noticed Ijyb
    27 | D        | Killed Ijyb
    27 | D        | Reached XP level 2. HP: 28/31 MP: 1/1
    37 | D        | Noticed an ogre
    45 | D        | Killed an ogre
    45 | D        | Reached skill level 5 in Dodging
    45 | D        | Reached skill level 6 in Unarmed Combat
    45 | D        | Reached XP level 3. HP: 26/40 MP: 2/2
    45 | D        | Reached XP level 4. HP: 31/49 MP: 3/3
    77 | D        | Noticed Sigmund
    86 | D        | Killed Sigmund
    86 | D        | Reached skill level 7 in Dodging
    86 | D        | Reached XP level 5. HP: 38/59 MP: 4/4
   153 | D        | Found a deep blue altar of Sif Muna.
   154 | D        | Noticed a jelly
   155 | D        | Found a radiant altar of Vehumet.
   159 | D        | Killed a jelly
   159 | D        | Reached skill level 8 in Unarmed Combat
   159 | D        | Reached XP level 6. HP: 57/67 MP: 5/5
   186 | D        | Found Qalojary's Jewellery Emporium.
   186 | D        | Found a white marble altar of Elyvilon.
   186 | D        | Found a stormy altar of Qazlal.
   186 | D        | Found a burning altar of Makhleb.
   186 | D        | Found a sacrificial altar of Ru.
   186 | D        | Found a basalt altar of Yredelemnul.
   186 | D        | Found a glowing golden altar of the Shining One.
   186 | D        | Found a sparkling altar of Nemelex Xobeh.
   186 | D        | Found a shimmering altar of Xom.
   186 | D        | Found an opulent altar of Gozag.
   186 | D        | Found an ancient bone altar of Kikubaaqudgha.
   186 | D        | Found a glowing silver altar of Zin.
   186 | D        | Noticed a yak
   195 | D        | Killed a yak
   196 | D        | Found an iron altar of Okawaru.
   197 | D        | Found a bloodstained altar of Trog.
   202 | D        | Became a worshipper of Ru the Awakened
   215 | D        | Gained mutation: You are missing a hand. [Ru sacrifice]
   215 | D        | Acquired Ru's first power
   215 | D        | Acquired Ru's second power
   215 | D        | Acquired Ru's third power
   223 | D        | Killed a gargoyle
   262 | D        | Found a snail-covered altar of Cheibriados.
   262 | D        | Found a viscous altar of Jiyva.
   262 | D        | Found a shadowy altar of Dithmenos.
   262 | D        | Found a blossoming altar of Fedhas.
   262 | D        | Noticed a slime creature
   267 | D        | Killed a slime creature
   267 | D        | Reached skill level 9 in Unarmed Combat
   267 | D        | Reached XP level 7. HP: 58/78 MP: 6/6
   309 | D        | Noticed a kobold demonologist
   310 | D        | Noticed a kobold demonologist
   314 | D        | Noticed a hellwing
   319 | D        | Noticed a red devil
   319 | D        | Killed a kobold demonologist
   319 | D        | Reached skill level 10 in Unarmed Combat
   334 | D        | Killed a kobold demonologist
   334 | D        | Reached XP level 8. HP: 29/91 MP: 7/7
   430 | D        | Noticed a demonic crawler
   430 | D        | Noticed a demonic crawler
   430 | D        | Noticed a demonic crawler
   430 | D        | Noticed a demonic crawler
   444 | D        | Killed a demonic crawler
   444 | D        | Reached skill level 10 in Dodging
   444 | D        | Reached skill level 11 in Unarmed Combat
   456 | D        | Killed a demonic crawler
   593 | D        | Killed a demonic crawler
   600 | D        | Killed a demonic crawler
   600 | D        | Reached skill level 10 in Fighting
   600 | D        | Reached skill level 12 in Unarmed Combat
   600 | D        | Reached XP level 9. HP: 57/101 MP: 8/8
   688 | D        | Noticed a lindwurm
   699 | D        | Killed a lindwurm
   701 | D        | Noticed a hog
   701 | D        | Noticed a hog
   701 | D        | Noticed a hog
   701 | D        | Noticed a hog
   701 | D        | Noticed a hog
   704 | D        | Noticed a hog
   704 | D        | Noticed a hog
   704 | D        | Noticed a hog
   709 | D        | Killed a hog
   714 | D        | Killed a hog
   714 | D        | Reached skill level 13 in Unarmed Combat
   715 | D        | Noticed a hog
   715 | D        | Noticed a hog
   721 | D        | Killed a hog
   724 | D        | Killed a hog
   726 | D        | Killed a hog
   740 | D        | Killed a hog
   753 | D        | Gained mutation: You are somewhat inexperienced (-2 XL). [Ru sacrifice]
   753 | D        | Reached XP level 8. HP: 73/97 MP: 7/7
   753 | D        | Reached XP level 7. HP: 73/88 MP: 6/6
   753 | D        | Acquired Ru's fourth power
   754 | D        | Noticed a hog
   754 | D        | Noticed a hog
   785 | D        | Noticed a hog
   791 | D        | Killed a hog
   791 | D        | Reached XP level 8. HP: 57/98 MP: 1/7
   793 | D        | Killed a hog
   794 | D        | Killed a hog
   795 | D        | Killed a hog
   795 | D        | Reached skill level 14 in Unarmed Combat
   801 | D        | Killed a hog
   806 | D        | Killed a hog
   808 | D        | Killed a hog
   911 | D        | Noticed a daeva
   979 | D        | Noticed an unseen horror
   981 | D        | Noticed an unseen horror
   982 | D        | Noticed an unseen horror
   983 | D        | Noticed an unseen horror
   987 | D        | Killed an unseen horror
   987 | D        | Reached XP level 9. HP: 28/109 MP: 8/8
   991 | D        | Killed an unseen horror
   991 | D        | Reached skill level 15 in Unarmed Combat
   995 | D        | Killed an unseen horror
   996 | D        | HP: 4/110 [unseen horror (10)]
  1179 | D        | Killed an unseen horror
  1179 | D        | Reached XP level 10. HP: 91/119 MP: 9/9
  1220 | D        | Noticed a gargoyle
  1226 | D        | Gained mutation: You are hated by all. [Ru sacrifice]
  1226 | D        | Acquired Ru's fifth power
  1230 | D        | Killed a gargoyle
  1291 | D        | Noticed a centaur warrior
  1291 | D        | Noticed a centaur warrior
  1294 | D        | Killed a centaur warrior
  1294 | D        | Reached skill level 16 in Unarmed Combat
  1298 | D        | Killed a centaur warrior
  1355 | D        | Noticed a deep troll
  1357 | D        | Killed a deep troll
  1375 | D        | Found Werghesh's Armour Emporium.
  1382 | D        | Bought a +0 cloak for 45 gold pieces
  1402 | D        | Noticed a wasp
  1405 | D        | Killed a wasp
  1418 | D        | Noticed an oklob plant
  1423 | D        | Killed an oklob plant
  1447 | D        | Noticed a trapdoor spider
  1452 | D        | Killed a trapdoor spider
  1468 | D        | Noticed a trapdoor spider
  1469 | D        | Noticed a trapdoor spider
  1550 | D        | Noticed a trapdoor spider
  1556 | D        | Killed a trapdoor spider
  1556 | D        | Reached skill level 17 in Unarmed Combat
  1557 | D        | Killed a trapdoor spider
  1593 | D        | Killed a trapdoor spider
  1682 | D        | Noticed Sonja
  1748 | D        | Found Copraw's Distillery.
  1756 | D        | Bought a potion of mutation for 27 gold pieces
  1759 | D        | Noticed a shining eye
  1759 | D        | Noticed a shining eye
  1759 | D        | Noticed a shining eye
  1759 | D        | Noticed a shining eye
  1759 | D        | Noticed a shining eye
  1759 | D        | Noticed a shining eye
  1760 | D        | Paralysed by a giant eyeball for 3 turns
  1763 | D        | Noticed a shining eye
  1763 | D        | Noticed a shining eye
  1763 | D        | Gained mutation: You can spit weak poison. [a shining eye]
  1764 | D        | Killed a shining eye
  1764 | D        | Killed a shining eye
  1764 | D        | Reached XP level 11. HP: 131/131 MP: 10/10
  1764 | D        | Killed a shining eye
  1764 | D        | Reached skill level 15 in Fighting
  1764 | D        | Killed a shining eye
  1764 | D        | Killed a shining eye
  1766 | D        | Killed a shining eye
  1769 | D        | Killed a shining eye
  1769 | D        | Reached skill level 18 in Unarmed Combat
  1770 | D        | Killed a shining eye
  1779 | D        | Gained mutation: You are clumsy. (Dex -2) [Ru sacrifice]
  1781 | D        | Found Arankim's Distillery.
  1781 | D        | Found Koatiaph's Book Shop.
  1781 | D        | Found Sucebucea's Distillery.
  1781 | D        | Found Liupragh's Gadget Boutique.
  1822 | D        | Bought a potion of degeneration for 12 gold pieces
  1822 | D        | Bought a potion of lignification for 36 gold pieces
  1822 | D        | Bought a potion of heal wounds for 60 gold pieces
  1840 | D        | Bought a potion of beneficial mutation for 385 gold pieces
  1840 | D        | Gained mutation: Your system is resistant to poisons. [potion of beneficial mutation]
  1858 | D        | Killed Sonja
  1884 | D        | Noticed Norris
  1893 | D        | HP: 4/133 [something (28)]
  1895 | D        | Killed a lorocyproca
  2277 | D        | Noticed a jelly
  2277 | D        | Noticed a jelly
  2280 | D        | Noticed a jelly
  2280 | D        | Noticed a jelly
  2280 | D        | Noticed a jelly
  2280 | D        | Noticed a jelly
  2280 | D        | Noticed a jelly
  2282 | D        | Killed a jelly
  2282 | D        | Killed a jelly
  2282 | D        | Killed a jelly
  2282 | D        | Killed a jelly
  2282 | D        | Killed a jelly
  2282 | D        | Noticed a necrophage
  2282 | D        | Noticed a necrophage
  2282 | D        | Noticed a necrophage
  2282 | D        | Noticed a necrophage
  2282 | D        | Noticed a necrophage
  2283 | D        | Noticed a necrophage
  2283 | D        | Noticed a necrophage
  2283 | D        | Killed a jelly
  2285 | D        | Killed a jelly
  2294 | D        | Killed an unseen horror
  2296 | D        | Killed an unseen horror
  2298 | D        | Killed a necrophage
  2299 | D        | Gained mutation: You are frail (-10% HP). [Ru sacrifice]
  2300 | D        | Killed a necrophage
  2302 | D        | Killed a necrophage
  2308 | D        | Killed a necrophage
  2311 | D        | Killed a necrophage
  2313 | D        | Killed a necrophage
  2319 | D        | Killed a necrophage
  2319 | D        | Reached skill level 19 in Unarmed Combat
  2388 | D        | Got a dazzling long sword
  2389 | D        | Identified the cursed +0 long sword of Neurosis {flame, rPois} (You found it in the Dungeon)
  2395 | D        | Found Vismukky's Weapon Shoppe.
  2395 | D        | Found Lic Yffo's Weapon Shop.
  2395 | D        | Found Vuleix's Book Boutique.
  2397 | D        | Found Bolimyga's Distillery.
  2397 | D        | Found Laxzil's Assorted Antiques.
  2397 | D        | Found Lerioles's Gadget Shoppe.
  2397 | D        | Found Ifao's Jewellery Boutique.
  2397 | D        | Found Dolum's Jewellery Emporium.
  2397 | D        | Found Vutog's Jewellery Shop.
  2397 | D        | Found Mutemam's Distillery.
  2400 | D        | Found Yboelaas's Book Boutique.
  2401 | D        | Found Loscha Punai's Weapon Emporium.
  2401 | D        | Found Veostotu's Magic Scroll Boutique.
  2402 | D        | Found Bisiaxt Jure's Magic Scroll Emporium.
  2407 | D        | Bought a potion of cancellation for 96 gold pieces
  2412 | D        | Bought a scroll of identify for 24 gold pieces
  2412 | D        | Bought a scroll of identify for 24 gold pieces
  2412 | D        | Bought a scroll of identify for 24 gold pieces
  2416 | D        | Bought an uncursed ring of protection from cold for 275 gold pieces
  2420 | D        | Bought an uncursed ring of protection from fire for 275 gold pieces
  2814 | D        | Killed an unseen horror
  2814 | D        | Reached skill level 1 in Evocations
  2931 | D        | Noticed a fire giant
  2946 | D        | Killed a fire giant
  3051 | D        | Noticed a fire giant
  3053 | D        | Noticed a fire giant
  3068 | D        | Killed a fire giant
  3068 | D        | Reached XP level 12. HP: 52/131 MP: 13/13
  3073 | D        | Killed a fire giant
  3102 | D        | Noticed a fire giant
  3164 | D        | Killed a fire giant
  3164 | D        | Reached skill level 5 in Evocations
  3341 | D        | Bought the cursed +1 ice dragon armour of the Worm {rF- rC++ Str+7 Dex+2} for 879 gold pieces
  3401 | D        | Noticed a 12-headed hydra
  3408 | D        | Killed a 17-headed hydra
  3572 | D        | Bought an uncursed ring of fire for 250 gold pieces
  3825 | D        | Noticed a shadow dragon
  3825 | D        | Noticed a golden dragon
  3827 | D        | Gained mutation: Your magical capacity is low (-10% MP). [potion of mutation]
  3827 | D        | Gained mutation: Your flesh is heat resistant. [potion of mutation]
  3828 | D        | Gained mutation: Potions and wands are less effective at restoring your health. [potion of mutation]
  3828 | D        | Gained mutation: You are very clumsy. (Dex -4) [potion of mutation]
  3828 | D        | Gained mutation: You are weak. (Str -2) [potion of mutation]
  3857 | D        | Killed a shadow dragon
  3857 | D        | Reached skill level 20 in Unarmed Combat
  4023 | D        | Killed a golden dragon
  4200 | D        | Found Huxoseh's Book Shoppe.
  4261 | D        | Noticed a siren
  4262 | D        | Noticed a hellwing
  4271 | D        | Killed a siren
  4272 | D        | Killed a hellwing
  4286 | D        | Killed a siren
  4312 | D        | Noticed a deep elf annihilator
  4313 | D        | Noticed an oklob plant
  4313 | D        | Noticed a mummy priest
  4313 | D        | Noticed a wasp
  4313 | D        | Noticed a wasp
  4314 | D        | Noticed a wasp
  4314 | D        | Noticed a wasp
  4314 | D        | Killed a deep elf annihilator
  4321 | D        | Killed a wasp
  4323 | D        | Killed a wasp
  4325 | D        | Killed a wasp
  4326 | D        | Killed a wasp
  4497 | D        | Killed an oklob plant
  4500 | D        | Killed a mummy priest
  4576 | D        | Noticed the 27-headed Lernaean hydra
  4581 | D        | HP: 5/202 [the 27-headed Lernaean hydra (10)]
  4581 | D        | Slain by the 27-headed Lernaean hydra

Vault maps used:
D:        dungeon_sprint_1

Action                   |  1- 3 |  4- 6 |  7- 9 | 10-12 || total
-------------------------+-------+-------+-------+-------++-------
Melee: Unarmed           |    28 |    23 |   132 |   157 ||   340
Invok: Sacrifice a Hand  |       |     1 |       |       ||     1
       Power Leap        |       |       |     1 |     8 ||     9
       Sacrifice Experie |       |       |     1 |       ||     1
       Sacrifice Love    |       |       |       |     1 ||     1
       Apocalypse        |       |       |       |     1 ||     1
       Sacrifice Purity  |       |       |       |     1 ||     1
       Sacrifice Health  |       |       |       |     1 ||     1
       Draw Out Power    |       |       |       |     1 ||     1
Evoke: Wand              |       |       |       |     5 ||     5
       Deck              |       |       |       |     1 ||     1
  Use: Potion            |       |       |     3 |     8 ||    11
       Scroll            |       |       |     1 |     9 ||    10
 Stab: Paralysed         |       |       |       |     5 ||     5
       Invisible         |       |       |       |     6 ||     6
       Sleeping          |       |       |       |     1 ||     1
       Distracted        |       |       |       |     1 ||     1
  Eat: Chunk             |     2 |     2 |     9 |    13 ||    26
       Fruit             |       |       |       |     3 ||     3
       Meat ration       |       |       |       |     2 ||     2
       Bread ration      |       |       |       |     1 ||     1
